 Dungeon Crawl Stone Soup version 0.26-a0-812-g31a745ddcd (webtiles) character file.

Game seed: 3035693449664406472

28 kae the Insei (level 3, -3/20 HPs)
             Began as a Tengu Transmuter on Nov 16, 2020.
             Slain by a leopard gecko (5 damage)
             ... on level 1 of the Dungeon.
             The game lasted 00:00:28 (1023 turns).

kae the Insei (Tengu Transmuter)                    Turns: 1023, Time: 00:00:29

Health: -3/20      AC:  2    Str: 11    XL:     3   Next: 14%
Magic:  7/7        EV: 12    Int: 13    God:
Gold:   57         SH:  0    Dex: 14    Spells: 5/6 levels left

rFire    . . .     SeeInvis .     - Unarmed
rCold    . . .     Faith    .   (no shield)
rNeg     . . .     Spirit   .   a - +0 robe
rPois    .         Reflect  .   (helmet currently unavailable)
rElec    .         Harm     .   (no cloak)
rCorr    .         Rampage  .   (no gloves)
MR       .....                  (boots unavailable)
Stlth    +.........             (no amulet)
HPRegen  0.06/turn              (no ring)
MPRegen  0.10/turn              (no ring)

@: appendages (expiring)
A: beak, horns 2, talons 3
a: End Transformation


You were on level 1 of the Dungeon.
You had grown temporary horns.
You visited 1 branch of the dungeon, and saw 1 of its levels.

You collected 57 gold pieces.

Inventory:

Armour
 a - a +0 robe (worn)
Scrolls
 b - a scroll of amnesia {unknown}
 c - a scroll of remove curse {unknown}
Potions
 d - a potion of magic {unknown}


   Skills:
 - Level 1.0 Fighting
 - Level 2.1 Dodging
 + Level 3.7 Unarmed Combat
 - Level 2.0 Spellcasting
 * Level 2.5 Transmutations


You had 5 spell levels left.
You knew the following spells:

 Your Spells              Type           Power        Failure   Level
a - Beastly Appendage     Tmut           #.....       9%          1

Your spell library contained the following spells:

 Spells                   Type           Power        Failure   Level
 Wereblood                Tmut           #.......     14%         2
 Spider Form              Tmut/Pois      #.........   41%         3
 Ice Form                 Ice/Tmut       #.......     83%         4
 Blade Hands              Tmut           #.........   94%         5


Dungeon Overview and Level Annotations

Branches:
Dungeon (1/15)

Altars:


Innate Abilities, Weirdness & Mutations

You have a beak for a mouth.
You have claws for feet.
You have a pair of horns on your head.


Message History

The leopard gecko bites you. The gnoll barely misses you.
You are too injured to fight recklessly!
You are too injured to fight recklessly!
You are too injured to fight recklessly!
You see here a chain mail.
You completely miss the leopard gecko. Your kick misses the leopard gecko.
Your headbutt misses the leopard gecko.
The leopard gecko is almost dead.
The leopard gecko barely misses you.
The gnoll hits you from afar with a +0 spear.
You miss the leopard gecko. Your kick misses the leopard gecko.
The leopard gecko is almost dead.
The leopard gecko bites you. The gnoll closely misses you.
You barely miss the leopard gecko.
The leopard gecko is almost dead.
The leopard gecko closely misses you.
The gnoll hits you from afar with a +0 spear!
* * * LOW HITPOINT WARNING * * *
The leopard gecko bites you.
You die...

#.############
.........)...#
######.##.#.###
#.##.....#
#.####.#.#
####.####.#@#
#.........#l#
#.......###g# #
#.......#
#r..r...# .#.
#.......#
####...## #.#
#)......# .##
#.# #.......#
..
#.####.......#
.#
#.#.......####
#


You could see a gnoll, a leopard gecko and a rat.

Vanquished Creatures
  An ooze (D:1)
  A leopard gecko (D:1)
  3 bats (D:1)
  3 giant cockroaches (D:1)
  2 goblins (D:1)
  6 hobgoblins (D:1)
  A ball python (D:1)
  2 kobolds (D:1)
19 creatures vanquished.

Notes
Turn   | Place    | Note
-------+----------+-------------------------------------------
     0 | D:1      | kae the Tengu Transmuter began the quest for the Orb.
     0 | D:1      | Reached XP level 1. HP: 12/12 MP: 4/4
   313 | D:1      | Reached XP level 2. HP: 16/16 MP: 6/6
   824 | D:1      | Reached XP level 3. HP: 13/20 MP: 5/7
  1023 | D:1      | Slain by a leopard gecko

Illustrated notes

Levels and vault maps discovered:
D:1:      nicolae_arrival_memento_mori, layout_loops_cross

Skill      XL: |  1 |
---------------+----+-----
Transmutations | 2 |  2.5
Fighting       | |  1.0
Dodging        | |  2.1
Unarmed Combat | |  3.7
Spellcasting   | |  2.0

Action                   || total
-------------------------++-------
Melee: Unarmed           ||    56
       Kick              ||    18
       Peck              ||     4
       Headbutt          ||     2
       Punch             ||     1
 Cast: Beastly Appendage ||    11
 Stab: Sleeping          ||     1
Armor: Robe              ||    20
Dodge: Dodged            ||    57

Table legend: (Time is in decaauts)
 A = Elapsed time spent in this place.
 B = Non-inter-level travel time spent in this place.
 C = Inter-level travel time spent in this place.
 D = Time resting spent in this place.
 E = Time spent auto-exploring this place.
 F = Levels seen in this place.
 G = Mean time per level.
                   A        B        C        D        E       F      G
               +--------+--------+--------+--------+--------+-----+--------+
         Total |   1020 |   1020 |      0 |      0 |    872 |   1 | 1020.0 |
       Dungeon |   1020 |   1020 |      0 |      0 |    872 |   1 | 1020.0 |
               +--------+--------+--------+--------+--------+-----+--------+

Top non-repeatable levels by time:
     D:1: 1020 daAuts
